 Dungeon Crawl Stone Soup version 0.31-a0-636-ge1c0e020e0 (webtiles) character file.

Game seed: 16448256937558434154

52 Essalna the Firebug (level 3, -5/21 HPs)
             Began as a Tengu Fire Elementalist on Aug 26, 2023.
             Killed by divine providence
             ... invoked by an orc priest
              (15 damage)
             ... on level 2 of the Dungeon.
             The game lasted 00:02:19 (1633 turns).

Essalna the Firebug (Tengu Fire Elementalist)       Turns: 1633, Time: 00:02:20

Health: -5/21      AC:  7    Str:  8    XL:     3   Next: 85%
Magic:  2/7        EV: 12    Int: 17    God:
Gold:   83         SH:  0    Dex: 14    Spells: 5/6 levels left

rFire   . . .        (no weapon)
rCold   + . .        (no shield)
rNeg    . . .        a - +0 robe
rPois   .            (helmet restricted)
rElec   .            (no cloak)
rCorr   .            g - +0 pair of gloves
SInv    .            (boots unavailable)
Will    .....        (no amulet)
Stlth   ++           e - +4 ring of protection
HPRegen 0.23/turn    d - ring of protection from cold
MPRegen 0.10/turn

%: no passive effects
@: very slightly contaminated
A: beak, talons 3
a: no special abilities


You were on level 2 of the Dungeon.
You visited 1 branch of the dungeon, and saw 2 of its levels.

You collected 83 gold pieces.

Inventory:

Armour
 a - a +0 robe (worn)
 g - a +0 pair of gloves (worn)
Jewellery
 d - a ring of protection from cold (right hand)
 e - a +4 ring of protection (left hand)
Scrolls
 c - a scroll of silence {unknown}
 f - a scroll of revelation {unknown}
 i - a scroll of teleportation {unknown}
 j - 2 scrolls of identify {unknown}
 k - a scroll of amnesia {unknown}
 n - a scroll of enchant weapon {unknown}
Potions
 b - a potion of magic
 h - a potion of cancellation {unknown}
 l - a potion of degeneration {unknown}
 m - a potion of lignification {unknown}


   Skills:
 + Level 1.8 Fighting
 - Level 2.1 Dodging
 - Level 2.0 Stealth
 - Level 2.0 Spellcasting
 + Level 2.9 Conjurations
 + Level 3.9 Fire Magic


You had 5 spell levels left.
You knew the following spells:

 Your Spells              Type           Power      Damage    Failure   Level
a - Foxfire               Conj/Fire      52%        2x1d6     4%          1

Your spell library contained the following spells:

 Spells                   Type           Power      Damage    Failure   Level
 Scorch                   Fire           30%        2d6       6%          2
 Inner Flame              Hex/Fire       8%         N/A       26%         3
 Volatile Blastmotes      Fire/Tloc      16%        2d11      26%         3
 Flame Wave               Conj/Fire      13%        2d6       43%         4


Dungeon Overview and Level Annotations

Branches:
Dungeon (2/15)

Altars:


Innate Abilities, Weirdness & Mutations

You have a beak for a mouth.
You have claws for feet.


Message History

A dart slug, an orc priest and 2 orcs come into view.
The orc shouts!
The orc priest shouts!
A kobold comes into view. It is wielding a +0 whip.
The orc priest moves out of view.
An orc comes into view. It is wielding a +0 mace.
The kobold misses you.
You conjure some foxfire!
The orc shouts! x2
The kobold hits you but does no damage.
You miscast Foxfire.
You are very lightly contaminated with residual magic.
Nothing appears to happen.
The foxfire hits the kobold but does no damage.
The foxfire hits the kobold.
The kobold is moderately wounded.
The kobold barely misses you.
The orc priest looks braver for a moment.
You conjure some foxfire!
The orc completely misses you. The kobold barely misses you.
You miscast Foxfire.
Nothing appears to happen.
The foxfire hits the kobold but does no damage.
The kobold is moderately wounded.
The foxfire hits the kobold.
The kobold is heavily wounded.
The kobold hits you with a +0 whip. The orc barely misses you.
You conjure some foxfire!
The foxfire hits the ball python.
You kill the ball python!
The orc barely misses you. The kobold hits you with a +0 whip.
You are too injured to fight recklessly!
You are too injured to fight recklessly!
You are too injured to fight recklessly!
Okay, then.
The foxfire hits the kobold.
You kill the kobold!
The orc priest looks encouraged for a moment.
The orc attacks as it pursues you! The orc hits you with a +0 mace.
The orc priest invokes the aid of Beogh against you.
Beogh smites you!
Ouch! That really hurt!
You die...

#...........# #................#
#.####†##'#.#.#................#
#.#..'.+..#.#.#...>............#
#.#..#.#..#.#.#................#
#.#'##.####.#..................#
#...........#.................##
#.#+##.####.#...#.....##.....##
#.# +.+ .#...##.########### #.#
#.# #...@..# #.####.# #..o####
......... #..## ######### #oo.#
..# ..o..# #<## ....w..# #..#
.........# .#.# .........# ...#
#.......##


You could see an orc priest, a dart slug and 3 orcs.

Vanquished Creatures
  2 adders (D:2)
  An endoplasm (D:2)
  3 giant cockroaches (D:2)
  A goblin (D:1)
  3 hobgoblins
  4 jackals (D:1)
  6 quokkas
  3 ball pythons
  2 frilled lizards
  4 kobolds (D:2)
29 creatures vanquished.

Vanquished Creatures (others)
  86 foxfires
86 creatures vanquished.

Grand Total: 115 creatures vanquished

Notes
Turn   | Place    | Note
-------+----------+-------------------------------------------
     0 | D:1      | Essalna the Tengu Fire Elementalist began the quest for the
                  | Orb.
     0 | D:1      | Reached XP level 1. HP: 10/10 MP: 4/4
   440 | D:1      | Reached XP level 2. HP: 11/16 MP: 6/6
   505 | D:1      | Reached skill level 1 in Fighting
  1007 | D:2      | Reached XP level 3. HP: 20/20 MP: 2/7
  1633 | D:2      | Killed from afar by an orc priest

Illustrated notes

Levels and vault maps discovered:
D:1:      amcnicky_arrival_gap_in_the_tavern_cellar, layout_loops_ring,
          hangedman_feature_mirror, kennysheep_boxes
D:2:      minmay_door_path, layout_rooms, basic_altar, serial_shops, shop,
          minmay_puff

Skill      XL: |  1  2 |
---------------+-------+-----
Conjurations   | 2 |  2.9
Fighting       | 1 |  1.8
Dodging        | |  2.1
Stealth        | |  2.0
Spellcasting   | |  2.0
Fire Magic     | |  3.9

Action                     || total
---------------------------++-------
  Melee: Unarmed           ||    55
         Peck              ||     8
         Kick              ||    11
   Cast: Foxfire           ||    58
 Armour: Robe              ||    31
  Dodge: Dodged            ||    48

Table legend: (Time is in decaauts)
 A = Elapsed time spent in this place.
 B = Non-inter-level travel time spent in this place.
 C = Inter-level travel time spent in this place.
 D = Time resting spent in this place.
 E = Time spent auto-exploring this place.
 F = Levels seen in this place.
 G = Mean time per level.
                   A        B        C        D        E       F      G
               +--------+--------+--------+--------+--------+-----+--------+
         Total |   1631 |   1606 |     25 |      0 |   1367 |   2 |  815.5 |
       Dungeon |   1631 |   1606 |     25 |      0 |   1367 |   2 |  815.5 |
               +--------+--------+--------+--------+--------+-----+--------+

Top non-repeatable levels by time:
     D:1: 966 daAuts
     D:2: 665 daAuts
